 Dungeon Crawl Stone Soup version 0.31-a0-202-g547052bce9 (webtiles) character file.

Game seed: 14786636290556421206

19 qw the Shooter (level 2, -7/16 HPs)
             Began as a Deep Elf Hunter on June 26, 2023.
             Mangled by a gnoll
             ... wielding a +0 halberd
              (12 damage)
             ... on level 2 of the Dungeon.
             The game lasted 00:00:13 (894 turns).

qw the Shooter (Deep Elf Hunter)                     Turns: 894, Time: 00:00:14

Health: -7/16      AC:  3    Str:  8    XL:     2   Next: 55%
Magic:  4/4        EV: 12    Int: 13    God:
Gold:   35         SH:  0    Dex: 18    Spells: 1/1 levels left

rFire   . . .        Y - +0 shortbow
rCold   . . .        (shield currently unavailable)
rNeg    . . .        c - +0 leather armour
rPois   .            (no helmet)
rElec   .            (no cloak)
rCorr   .            (no gloves)
SInv    .            (no boots)
Will    .....        (no amulet)
Stlth   ++           (no ring)
HPRegen 0.22/turn    (no ring)
MPRegen 0.09/turn

%: no passive effects
@: no status effects
A: no striking features
a: no special abilities


You were on level 2 of the Dungeon.
You visited 1 branch of the dungeon, and saw 2 of its levels.

You collected 35 gold pieces.


   Skills:
 - Level 1.5 Fighting
 + Level 6.3 Ranged Weapons
 - Level 2.4 Dodging
 - Level 1.2 Stealth


You had one spell level left.
You didn't know any spells.
Your spell library was empty.

Inventory:

Hand Weapons
 Y - a +0 shortbow (weapon)
Armour
 c - a +0 leather armour (worn)
Potions
 a - a potion of magic {unknown}
 e - a potion of ambrosia {unknown}

Dungeon Overview and Level Annotations

Branches:
Dungeon (2/15)

Altars:


Message History

The arrow hits the hobgoblin!
You kill the hobgoblin!
You shoot an arrow.
The arrow hits the gnoll but does no damage.
A gnoll comes into view. It is wielding a +0 club.
You shoot an arrow. The gnoll shouts!
The arrow hits the rat!
You kill the rat!
You shoot an arrow. The arrow hits the gnoll.
The gnoll is lightly wounded.
A kobold comes into view. It is wielding a +0 dagger.
You shoot an arrow. The kobold shouts!
The arrow hits the gnoll but does no damage.
The gnoll is lightly wounded.
You shoot an arrow. The arrow hits the gnoll.
The gnoll is moderately wounded.
The gnoll barely misses you.
You shoot an arrow. The arrow barely misses the gnoll. x2
The arrow hits the gnoll!
The gnoll is heavily wounded.
You shoot an arrow.
The arrow hits the gnoll but does no damage.
You shoot an arrow. The arrow hits the gnoll.
The gnoll is severely wounded.
The gnoll hits you with a +0 club. The gnoll hits you but does no damage.
The gnoll barely misses you.
You shoot an arrow. The arrow closely misses the gnoll.
The gnoll completely misses you. The gnoll misses you.
The gnoll barely misses you.
You shoot an arrow. The arrow closely misses the gnoll.
The gnoll barely misses you. x2; The gnoll misses you.
You shoot an arrow. The arrow hits the gnoll!
You kill the gnoll!
The gnoll hits you with a +0 club. The gnoll barely misses you.
The gnoll hits you with a +0 club.
The gnoll hits you from afar with a +0 halberd!
Ouch! That really hurt!
You die...

####.# ##...##
#.# #....#
##+## #..
#.#### ### #.#
## #.# .. #.#
.# #.# .#
#.######.###%..
#......@gggK...
########)####.#
.# .. ###


You could see 3 gnolls and a kobold.

Vanquished Creatures
  A gnoll (D:2)
  2 ball pythons
  An endoplasm (D:2)
  5 hobgoblins
  3 jackals (D:1)
  A quokka (D:1)
  A bat (D:1)
  A frilled lizard (D:2)
  2 kobolds
  A rat (D:2)
18 creatures vanquished.

Notes
Turn   | Place    | Note
-------+----------+-------------------------------------------
     0 | D:1      | qw the Deep Elf Hunter began the quest for the Orb.
     0 | D:1      | Reached XP level 1. HP: 12/12 MP: 3/3
     0 | D:1      | 0 ||| qw: Version: 0.3-a-22-g0ed2b0b
     0 | D:1      | 0 ||| qw: Game counter: 6283
     0 | D:1      | 0 ||| qw: Melee chars always use a shield: true
     0 | D:1      | 0 ||| qw: God list: Okawaru
     0 | D:1      | 0 ||| qw: Allow faded altars: false
     0 | D:1      | 0 ||| qw: Do Orc after clearing Dungeon:15 true
     0 | D:1      | 0 ||| qw: Do second Lair branch before Depths: true
     0 | D:1      | 0 ||| qw: Lair rune preference: random
     0 | D:1      | 0 ||| qw: Goals: Normal
     0 | D:1      | 0 ||| PLANNING D:1-11
   444 | D:1      | Reached XP level 2. HP: 16/16 MP: 4/4
   445 | D:1      | Reached skill level 6 in Ranged Weapons
   549 | D:1      | Found a faded altar of an unknown god.
   756 | D:1      | 756 ||| READING scroll labelled SUTHOQ QEURIG.
   757 | D:1      | 757 ||| READING 2 scrolls labelled HAOGAPT WISUXA.
   758 | D:1      | 758 ||| READING scroll labelled PYVORODDAPT.
   759 | D:1      | 759 ||| DROPPING scroll of butterflies.
   760 | D:1      | 760 ||| DROPPING scroll of amnesia.
   894 | D:2      | Mangled by a gnoll

Levels and vault maps discovered:
D:1:      wander_arrival_estate, layout_basic,
          hellmonk_ecumenical_altar_heavens_door, minivault_27
D:2:      layout_loops_corners, uniq_sigmund, uniq_terence

Skill      XL: |  1  2 |
---------------+-------+-----
Ranged Weapons | 6 |  6.3
Fighting       | |  1.5
Dodging        | |  2.4
Stealth        | |  1.2

Action                     || total
---------------------------++-------
   Fire: Shortbow          ||    51
    Use: Scroll            ||     3
 Armour: Leather armour    ||     3
  Dodge: Dodged            ||    13

Table legend:
 A = Non-vault XP
 B = Vault XP
 C = Vault XP percentage of total XP
 D = Non-vault monster count
 E = Vault monster count
 F = Vault count percentage of total count
                 A         B        C        D         E       F
            +---------+---------+-------+---------+---------+-------
      Total |      43 |       0 |   0.0 |      18 |       0 |   0.0
            +---------+---------+-------+---------+---------+-------
        D:1 |      18 |       0 |   0.0 |      10 |       0 |   0.0
        D:2 |      25 |       0 |   0.0 |       8 |       0 |   0.0
            +---------+---------+-------+---------+---------+-------
